 Dungeon Crawl Stone Soup version 0.31.0-11-ge490571c62 (webtiles) character file.

Game seed: 15539886586630413846

120 dialectric the Trooper (level 5, 0/47 HPs)
             Began as a Hill Orc Fighter on Jan 28, 2024.
             Was a Follower of Okawaru.
             Slain by a gnoll
             ... wielding a +2 heavy spear
              (6 damage)
             ... on level 3 of the Dungeon.
             The game lasted 00:02:26 (1493 turns).

dialectric the Trooper (Hill Orc Fighter)           Turns: 1493, Time: 00:02:27

Health: 0/47       AC:  5    Str: 20 (21) XL:     5   Next: 4%
Magic:  5/5        EV: 10    Int:  5 (8)  God:    Okawaru [*.....]
Gold:   64         SH:  0    Dex:  7 (10) Spells: 4/4 levels left

rFire   . . .        a - +0 flail
rCold   x . .        (no shield)
rNeg    . . .        k - +0 ring mail
rPois   .            (helmet restricted)
rElec   .            (no cloak)
rCorr   +            (no gloves)
SInv    .            (no boots)
Will    .....        (no amulet) Stlth
                     g - ring of resist corrosion
HPRegen 0.27/turn    (no ring)
MPRegen 0.09/turn

%: no passive effects
@: no status effects
A: beak, sense surroundings 1, cold vulnerability 1, MP-powered wands
a: Renounce Religion, Heroism


You were on level 3 of the Dungeon.
You worshipped Okawaru.
Okawaru was aware of your devotion.
You visited 1 branch of the dungeon, and saw 3 of its levels.

You collected 64 gold pieces.

Inventory:

Hand Weapons
 a - a +0 flail (weapon)
Missiles
 m - 2 poisoned darts (quivered)
Armour
 b - a +0 scale mail
 c - a +0 buckler
 k - a +0 ring mail (worn)
Jewellery
 g - a ring of resist corrosion (left hand)
Scrolls
 d - 3 scrolls of identify {unknown}
 e - a scroll of silence {unknown}
 f - a scroll of teleportation {unknown}
 j - 2 scrolls of noise {unknown}
 l - a scroll of fog {unknown}
Potions
 i - a potion of berserk rage {unknown}


   Skills:
 + Level 4.5 Fighting
 + Level 3.6 Maces & Flails
 + Level 4.0 Armour
 * Level 1.2 Dodging
 - Level 3.4 Shields


You had 4 spell levels left.
You didn't know any spells.
Your spell library contained the following spells:

 Spells                   Type           Power      Damage    Failure   Level
 Lesser Beckoning         Tloc           0%         N/A       78%         2
 Gell's Gravitas          Tloc           0%         N/A       95%         3
 Sigil of Binding         Hex            0%         N/A       95%         3
 Teleport Other           Tloc           0%         N/A       95%         3
 Dimensional Bullseye     Hex/Tloc       0%         N/A       100%        4
 Call Canine Familiar     Summ           Unusable   N/A       N/A         3

Dungeon Overview and Level Annotations

Branches:
Dungeon (3/15)

Altars:
Okawaru
Vehumet

Shops:
D:1 (

Annotations:
D:2 Natasha


Innate Abilities, Weirdness & Mutations

You have a beak for a mouth.
You passively map a small area around you.
You are vulnerable to cold. (rC-)
You expend magic power (3 MP) to strengthen your wands.


Message History

You see here a scroll labelled VYARI EM PIV.
j - 2 scrolls labelled VYARI EM PIV (gained 1)
The gnoll hits you from afar with a +2 heavy spear!
Hit: a) +0 flail
Press: ? - help, Dir - move target, f - you
Okay, then.
The gnoll attacks as it pursues you!
The gnoll hits you from afar with a +2 heavy spear!
You hit the gnoll but do no damage.
The gnoll is moderately wounded.
The gnoll hits you with a +2 heavy spear!
You hit the gnoll.
The gnoll is severely wounded.
The gnoll hits you with a +2 heavy spear.
You barely miss the gnoll.
The gnoll is severely wounded.
The gnoll barely misses you.
You closely miss the gnoll. You punch the gnoll, but do no damage.
The gnoll is severely wounded.
You closely miss the gnoll.
The gnoll is severely wounded.
The gnoll hits you with a +2 heavy spear.
You barely miss the gnoll.
The gnoll is severely wounded.
The gnoll hits you with a +2 heavy spear!
* * * LOW HITPOINT WARNING * * *
You hit the gnoll.
The gnoll is almost dead.
The gnoll hits you with a +2 heavy spear.
* * * LOW HITPOINT WARNING * * *
You hit the gnoll.
The gnoll is almost dead.
The gnoll closely misses you.
It was a potion of mutation.
You feel extremely strange.
You feel vulnerable to cold.
Your mouth lengthens and hardens into a beak!
You feel your magical essence link to the dungeon's wands.
You feel a strange attunement to the structure of the dungeons.
The gnoll hits you from afar with a +2 heavy spear.
You die...

########## .........#
########.### ##### *
...........########g..#
................@.gg..#
*
##.###.#.#.########r..#
##.# #.#.#.# ##.## ,
#.# #.#.#.# #.# * # #.#
#.#.#.# #.#######...#
#.###.#...#
#.g..gr.g.#,
##.##..#.###
#########...#
)..........# #
).......(#.##### , * ,


You could see 3 gnolls and a rat.

Vanquished Creatures
  An orc priest (D:3)
  Jessica (D:3)
  An adder (D:3)
  2 dart slugs (D:1)
  2 orcs (D:3)
  7 bats
  6 endoplasms
  A giant cockroach (D:1)
  6 goblins
  5 hobgoblins (D:1)
  3 kobolds
  4 quokkas (D:1)
  A ball python (D:1)
  A frilled lizard (D:1)
  5 rats
46 creatures vanquished.

Notes
Turn   | Place    | Note
-------+----------+-------------------------------------------
     0 | D:1      | dialectric the Hill Orc Fighter began the quest for the
                  | Orb.
     0 | D:1      | Reached XP level 1. HP: 19/19 MP: 1/1
   105 | D:1      | Found Fomo's Antique Weapon Shop.
   143 | D:1      | Reached XP level 2. HP: 20/27 MP: 2/2
   175 | D:1      | Found a faded altar of an unknown god.
   192 | D:1      | Prayed at the altar of an unknown god.
   192 | D:1      | Became a worshipper of Warmaster Okawaru
   192 | D:1      | Reached * piety under Okawaru
   356 | D:1      | Reached XP level 3. HP: 33/33 MP: 3/3
   791 | D:2      | Noticed Natasha
   946 | D:3      | Reached skill level 1 in Dodging
   946 | D:3      | Reached XP level 4. HP: 40/41 MP: 4/4
   978 | D:3      | Found a radiant altar of Vehumet.
   986 | D:3      | Noticed Jessica
   998 | D:3      | Killed Jessica
  1330 | D:3      | Reached XP level 5. HP: 47/47 MP: 5/5
  1493 | D:3      | Gained mutation: You are vulnerable to cold. (rC-) [potion
                  | of mutation]
  1493 | D:3      | Gained mutation: You have a beak for a mouth. [potion of
                  | mutation]
  1493 | D:3      | Gained mutation: You expend magic power (3 MP) to
                  | strengthen your wands. [potion of mutation]
  1493 | D:3      | Gained mutation: You passively map a small area around you.
                  | [potion of mutation]
  1493 | D:3      | Slain by a gnoll

Illustrated notes

Levels and vault maps discovered:
D:1:      spicycebolla_green_bress_n_ham, layout_basic,
          hellmonk_ecumenical_altar_run_dry, serial_shops, shop,
          minmay_statues_item
D:2:      layout_basic, minmay_misc_feat_enclosed, chequers_big_river,
          uniq_natasha, uniq_robin
D:3:      layout_loops_ring, nicolae_vehumet_radiance,
          dreamdust_princess_bridge, uniq_jessica

Skill      XL: |  1  2  3  4 |
---------------+-------------+-----
Fighting       | 4 |  4.5
Maces & Flails | 3 |  3.6
Dodging        | 1 |  1.2
Armour         | 4 |  4.0
Shields        | |  3.4

Action                     |  1- 3 |  4- 6 || total
---------------------------+-------+-------++-------
  Melee: Flail             |   103 |    31 ||   134
         Punch             |       |     1 ||     1
    Use: Potion            |     1 |     4 ||     5
 Armour: Scale mail        |   113 |       ||   113
         Ring mail         |     2 |    23 ||    25
         Skin              |       |     6 ||     6
  Dodge: Dodged            |    57 |    15 ||    72
